TOP OF THE 1ST |
Phoenix Hotspur Youth batting - Pitching for Lake Minnetonka Love Boats : LHP Isaaka Ienimea
|
Pitching: LHP Isaaka Ienimea
|
|
Batting: LHB Phil Mazzeo
|
0-0: Fly out, F8 (Flyball, 78M)
|
Batting: RHB Bill Erickson
|
0-0: Foul Ball, location: 2F 0-1: Ball 1-1: Ball 2-1: Ball 3-1: Swinging Strike 3-2: Foul Ball, location: 2F 3-2: Foul Ball, location: 2F 3-2: Fly out, F8 (Flyball, 8LD)
|
Batting: RHB Bernardo Rivera
|
0-0: SOLO HOME RUN (Flyball, 7LD), Distance : 345 ft
|
Batting: RHB Braylen Sampson
|
0-0: Swinging Strike 0-1: Ball 1-1: Called Strike 1-2: Ball 2-2: Ball 3-2: Base on Balls
|
Batting: RHB Bill Poole
|
0-0: Called Strike 0-1: Ball 1-1: Ground out 1-3 (Groundball, 15S)
|
Top of the 1st over - 1 run, 1 hit, 0 errors, 1 left on base; Phoenix Hotspur 1 - Lake Minnetonka 0 |
BOTTOM OF THE 1ST |
Lake Minnetonka Love Boats batting - Pitching for Phoenix Hotspur Youth : LHP Habakkuk Baldonado
|
Pitching: LHP Habakkuk Baldonado
|
|
Batting: RHB Francisco Guerra
|
0-0: Foul Ball, location: 2F 0-1: Ball 1-1: Ground out 6-3 (Groundball, 6D)
|
Batting: RHB Guillermo Carrizales
|
0-0: Called Strike 0-1: Called Strike 0-2: Ball 1-2: Foul Ball, location: 2F 1-2: Ball 2-2: Ball 3-2: Ground out 5-3 (Groundball, 56)
|
Batting: RHB Mario van Heijbeeck
|
0-0: Foul Ball, location: 2F 0-1: Fly out, F7 (Flyball, 7D)
|
Bottom of the 1st over - 0 runs, 0 hits, 0 errors, 0 left on base; Phoenix Hotspur 1 - Lake Minnetonka 0 |
TOP OF THE 2ND |
Phoenix Hotspur Youth batting - Pitching for Lake Minnetonka Love Boats : LHP Isaaka Ienimea
|
Batting: RHB James Turner
|
0-0: Ball 1-0: Foul Ball, location: 2F 1-1: Ball 2-1: Foul Ball, location: 2F 2-2: Foul Ball, location: 2F 2-2: Strikes out swinging
|
Batting: LHB Carlos Rodríguez
|
0-0: Swinging Strike 0-1: Foul Ball, location: 2F 0-2: Strikes out swinging
|
Batting: RHB Terry MacDonald
|
0-0: Ball 1-0: Called Strike 1-1: Swinging Strike 1-2: Fly out, F9 (Line Drive, 9LM)
|
Top of the 2nd over - 0 runs, 0 hits, 0 errors, 0 left on base; Phoenix Hotspur 1 - Lake Minnetonka 0 |
BOTTOM OF THE 2ND |
Lake Minnetonka Love Boats batting - Pitching for Phoenix Hotspur Youth : LHP Habakkuk Baldonado
|
Batting: RHB Michael Sweeney
|
0-0: Called Strike 0-1: Ball 1-1: Foul Ball, location: 2F 1-2: Ball 2-2: Ball 3-2: SINGLE (Groundball, 4MS) (infield hit)
|
Batting: RHB Hatui Haunani
|
0-0: Ball 1-0: Foul Ball, location: 2F 1-1: Ball 2-1: Fly out, F8 (Flyball, 8LD)
|
Batting: SHB Tommy Dreamer
|
0-0: Foul Ball, location: 2F 0-1: Foul Ball, location: 2F 0-2: Foul Ball, location: 2F 0-2: SINGLE (Groundball, 6MD) Michael Sweeney to second Runner from 2nd tries for 3rd, SAFE, no throw
|
Batting: RHB Mike Bean
|
0-0: Ball 1-0: Called Strike 1-1: SINGLE (Groundball, 6D) Michael Sweeney scores Tommy Dreamer to second
|
Batting: LHB Tom Haymon
|
0-0: Ball 1-0: Ball 2-0: Ball 3-0: Base on Balls Tommy Dreamer to third Mike Bean to second
|
Batting: RHB Yoshii Saikawa
|
0-0: Swinging Strike 0-1: Reached on error, E9 (Flyball, 9) Tommy Dreamer scores Mike Bean to third Tom Haymon to second
|
Batting: RHB Francisco Guerra
|
0-0: Grounds into double play, 1-2-3 (Groundball, 13)
|
Bottom of the 2nd over - 2 runs, 3 hits, 1 error, 2 left on base; Phoenix Hotspur 1 - Lake Minnetonka 2 |
TOP OF THE 3RD |
Phoenix Hotspur Youth batting - Pitching for Lake Minnetonka Love Boats : LHP Isaaka Ienimea
|
Batting: LHB Malibok Herreria
|
0-0: Ball 1-0: Ball 2-0: Ball 3-0: Base on Balls
|
Batting: LHB Phil Mazzeo
|
0-0: Called Strike 0-1: Ball 1-1: SINGLE (Flyball, 7S) Malibok Herreria to second
|
Batting: RHB Bill Erickson
|
0-0: Swinging Strike 0-1: Ball 1-1: Foul Ball, location: 2F 1-2: Strikes out swinging
|
Batting: RHB Bernardo Rivera
|
0-0: Ball Malibok Herreria steals 3rd base Phil Mazzeo to second 1-0: Ball 2-0: Called Strike 2-1: DOUBLE (Flyball, 89D) Malibok Herreria scores Phil Mazzeo scores
|
Batting: RHB Braylen Sampson
|
0-0: Ball 1-0: Called Strike 1-1: Ball 2-1: SINGLE (Line Drive, 56) Bernardo Rivera to third Runner from 3rd tries for Home, SAFE, throw made home
|
Batting: RHB Bill Poole
|
0-0: Foul Ball, location: 2F 0-1: Ball 1-1: Ball 2-1: Called Strike 2-2: Foul Ball, location: 2F 2-2: Strikes out swinging
|
Batting: RHB James Turner
|
0-0: Ball 1-0: Called Strike 1-1: Foul Ball, location: 2F 1-2: Strikes out swinging
|
Top of the 3rd over - 3 runs, 3 hits, 0 errors, 1 left on base; Phoenix Hotspur 4 - Lake Minnetonka 2 |
BOTTOM OF THE 3RD |
Lake Minnetonka Love Boats batting - Pitching for Phoenix Hotspur Youth : LHP Habakkuk Baldonado
|
Batting: RHB Guillermo Carrizales
|
0-0: Ground out 4-3 (Groundball, 4D)
|
Batting: RHB Mario van Heijbeeck
|
0-0: Ground out 6-3 (Groundball, 6)
|
Batting: RHB Michael Sweeney
|
0-0: SINGLE (Line Drive, 56)
|
Batting: RHB Hatui Haunani
|
0-0: Called Strike 0-1: Ball 1-1: Swinging Strike 1-2: DOUBLE (Flyball, 78D) Michael Sweeney to third Runner from 3rd tries for Home, SAFE, no throw
|
Batting: SHB Tommy Dreamer
|
0-0: Ball 1-0: SINGLE (Groundball, 4D) Hatui Haunani to third Runner from 3rd tries for Home, SAFE, no throw
|
Batting: RHB Mike Bean
|
0-0: Called Strike Tommy Dreamer steals 2nd base 0-1: DOUBLE (Line Drive, 9LM) Tommy Dreamer scores
|
Batting: LHB Tom Haymon
|
0-0: Called Strike 0-1: Ball 1-1: Ball 2-1: SINGLE (Groundball, 34D) Mike Bean to third Runner from 3rd tries for Home, SAFE, throw made home Tom Haymon to second
|
Batting: RHB Yoshii Saikawa
|
0-0: Called Strike 0-1: SINGLE (Groundball, 6D) Tom Haymon to third Runner from 3rd tries for Home, SAFE, no throw
|
Batting: RHB Francisco Guerra
|
0-0: Ball 1-0: Foul Ball, location: 2F 1-1: Ball 2-1: SINGLE (Line Drive, 6M) Yoshii Saikawa to second
|
Batting: RHB Guillermo Carrizales
|
0-0: Ball 1-0: Ball 2-0: Ball 3-0: SINGLE (Flyball, 89S) Yoshii Saikawa to third Francisco Guerra to second Runner from 3rd tries for Home, throw and OUT!
|
Bottom of the 3rd over - 5 runs, 8 hits, 0 errors, 2 left on base; Phoenix Hotspur 4 - Lake Minnetonka 7 |
TOP OF THE 4TH |
Phoenix Hotspur Youth batting - Pitching for Lake Minnetonka Love Boats : LHP Isaaka Ienimea
|
Batting: LHB Carlos Rodríguez
|
0-0: Called Strike 0-1: Swinging Strike 0-2: Strikes out swinging
|
Batting: RHB Terry MacDonald
|
0-0: Called Strike 0-1: Ground out 3-1 (Groundball, 34S)
|
Batting: LHB Malibok Herreria
|
0-0: Ball 1-0: Called Strike 1-1: Ball 2-1: Foul Ball, location: 2F 2-2: Ball 3-2: Fly out, F9 (Flyball, 89M)
|
Top of the 4th over - 0 runs, 0 hits, 0 errors, 0 left on base; Phoenix Hotspur 4 - Lake Minnetonka 7 |
BOTTOM OF THE 4TH |
Lake Minnetonka Love Boats batting - Pitching for Phoenix Hotspur Youth : LHP Habakkuk Baldonado
|
Batting: RHB Mario van Heijbeeck
|
0-0: Called Strike 0-1: DOUBLE (Line Drive, 3D)
|
Batting: RHB Michael Sweeney
|
0-0: Called Strike 0-1: Foul Ball, location: 2F 0-2: Strikes out looking
|
Batting: RHB Hatui Haunani
|
0-0: Foul Ball, location: 2F 0-1: Ball 1-1: Ball 2-1: Fly out, F7 (Flyball, 7S)
|
Batting: SHB Tommy Dreamer
|
0-0: Fly out, F9 (Flyball, 9S)
|
Bottom of the 4th over - 0 runs, 1 hit, 0 errors, 1 left on base; Phoenix Hotspur 4 - Lake Minnetonka 7 |
TOP OF THE 5TH |
Phoenix Hotspur Youth batting - Pitching for Lake Minnetonka Love Boats : LHP Isaaka Ienimea
|
Batting: LHB Phil Mazzeo
|
0-0: Called Strike 0-1: Ball 1-1: Fly out, F7 (Flyball, 7LM)
|
Batting: RHB Bill Erickson
|
0-0: Ball 1-0: Swinging Strike 1-1: Ground out 3-1 (Groundball, 34S)
|
Batting: RHB Bernardo Rivera
|
0-0: Ball 1-0: Ball 2-0: Called Strike 2-1: SINGLE (Groundball, 34D)
|
Batting: RHB Braylen Sampson
|
0-0: Ball 1-0: Fielders Choice at 2nd, 6-4 (Groundball, 6)
|
Top of the 5th over - 0 runs, 1 hit, 0 errors, 1 left on base; Phoenix Hotspur 4 - Lake Minnetonka 7 |
BOTTOM OF THE 5TH |
Lake Minnetonka Love Boats batting - Pitching for Phoenix Hotspur Youth : LHP Habakkuk Baldonado
|
Batting: RHB Mike Bean
|
0-0: Swinging Strike 0-1: Ball 1-1: Swinging Strike 1-2: Ball 2-2: Foul Ball, location: 2F 2-2: Strikes out looking
|
Batting: LHB Tom Haymon
|
0-0: Called Strike 0-1: Swinging Strike 0-2: Fly out, F3 (Popup, 3F)
|
Batting: RHB Yoshii Saikawa
|
0-0: Called Strike 0-1: Called Strike 0-2: Strikes out swinging
|
Bottom of the 5th over - 0 runs, 0 hits, 0 errors, 0 left on base; Phoenix Hotspur 4 - Lake Minnetonka 7 |
TOP OF THE 6TH |
Phoenix Hotspur Youth batting - Pitching for Lake Minnetonka Love Boats : LHP Isaaka Ienimea
|
Batting: RHB Bill Poole
|
0-0: Called Strike 0-1: Ball 1-1: SINGLE (Groundball, 34S) (infield hit)
|
Batting: RHB James Turner
|
0-0: Sac Bunt - play at first, batter OUT! 5-3 Bill Poole to second
|
Batting: LHB Carlos Rodríguez
|
0-0: Ball 1-0: Ball 2-0: Called Strike 2-1: Called Strike 2-2: Foul Ball, location: 2F 2-2: Foul Ball, location: 2F 2-2: Ball 3-2: Foul Ball, location: 2F 3-2: Foul Ball, location: 2F 3-2: Fly out, F2 (Popup, 2L)
|
Batting: RHB Terry MacDonald
|
0-0: Swinging Strike 0-1: Ball 1-1: Called Strike 1-2: Strikes out swinging
|
Top of the 6th over - 0 runs, 1 hit, 0 errors, 1 left on base; Phoenix Hotspur 4 - Lake Minnetonka 7 |
BOTTOM OF THE 6TH |
Lake Minnetonka Love Boats batting - Pitching for Phoenix Hotspur Youth : LHP Habakkuk Baldonado
|
Pitching: LHP Eduardo Márquez
|
|
Batting: RHB Francisco Guerra
|
0-0: Ball 1-0: TRIPLE (Flyball, 89XD)
|
Batting: RHB Guillermo Carrizales
|
0-0: Called Strike 0-1: Ball 1-1: 2-RUN HOME RUN (Line Drive, 78XD), Distance : 402 ft
|
Batting: RHB Mario van Heijbeeck
|
0-0: Ball 1-0: Ball 2-0: Foul Ball, location: 2F 2-1: Ball 3-1: Fly out, F8 (Flyball, 8RM)
|
Batting: RHB Michael Sweeney
|
0-0: Ball 1-0: Ball 2-0: Ball 3-0: Base on Balls
|
Batting: RHB Hatui Haunani
|
0-0: Ball 1-0: Called Strike 1-1: Called Strike 1-2: Strikes out swinging
|
Batting: SHB Tommy Dreamer
|
0-0: Ground out 5-3 (Groundball, 56S)
|
Bottom of the 6th over - 2 runs, 2 hits, 0 errors, 1 left on base; Phoenix Hotspur 4 - Lake Minnetonka 9 |
TOP OF THE 7TH |
Phoenix Hotspur Youth batting - Pitching for Lake Minnetonka Love Boats : LHP Isaaka Ienimea
|
Batting: LHB Malibok Herreria
|
0-0: Ball 1-0: Called Strike 1-1: Foul Ball, location: 2F 1-2: Strikes out swinging
|
Batting: LHB Phil Mazzeo
|
0-0: Fly out, F8 (Line Drive, 8RD)
|
Batting: RHB Bill Erickson
|
0-0: Foul Ball, location: 2F 0-1: Ball 1-1: Ball 2-1: Foul Ball, location: 2F 2-2: Fly out, F8 (Flyball, 8RM)
|
Top of the 7th over - 0 runs, 0 hits, 0 errors, 0 left on base; Phoenix Hotspur 4 - Lake Minnetonka 9 |
BOTTOM OF THE 7TH |
Lake Minnetonka Love Boats batting - Pitching for Phoenix Hotspur Youth : LHP Eduardo Márquez
|
Batting: RHB Mike Bean
|
0-0: Ball 1-0: SINGLE (Groundball, 4MD)
|
Batting: LHB Tom Haymon
|
0-0: Foul Ball, location: 2F 0-1: Called Strike 0-2: Foul Ball, location: 2F 0-2: Ball 1-2: Foul Ball, location: 2F 1-2: Ball 2-2: Grounds into double play, 6-4-3 (Groundball, 6)
|
Batting: RHB Yoshii Saikawa
|
0-0: Ball 1-0: Ball 2-0: Ball 3-0: Called Strike 3-1: Foul Ball, location: 2F 3-2: Base on Balls
|
Batting: RHB Francisco Guerra
|
0-0: Foul Ball, location: 2F 0-1: Foul Ball, location: 2F 0-2: Foul Ball, location: 2F 0-2: Foul Ball, location: 2F 0-2: Fielders Choice at 2nd, 6-4 (Groundball, 6)
|
Bottom of the 7th over - 0 runs, 1 hit, 0 errors, 1 left on base; Phoenix Hotspur 4 - Lake Minnetonka 9 |
TOP OF THE 8TH |
Phoenix Hotspur Youth batting - Pitching for Lake Minnetonka Love Boats : LHP Isaaka Ienimea
|
Pitching: RHP Augusto Rumina
|
|
Batting: RHB Bernardo Rivera
|
0-0: Foul Ball, location: 2F 0-1: Foul Ball, location: 2F 0-2: Foul Ball, location: 2F 0-2: Ball 1-2: Ball 2-2: Foul Ball, location: 2F 2-2: Ball 3-2: Strikes out swinging
|
Batting: RHB Braylen Sampson
|
0-0: Ball 1-0: Ball 2-0: Called Strike 2-1: Fly out, F3 (Popup, 3F)
|
Batting: RHB Bill Poole
|
0-0: Called Strike 0-1: Swinging Strike 0-2: Strikes out swinging
|
Top of the 8th over - 0 runs, 0 hits, 0 errors, 0 left on base; Phoenix Hotspur 4 - Lake Minnetonka 9 |
TOP OF THE 9TH |
Phoenix Hotspur Youth batting - Pitching for Lake Minnetonka Love Boats : RHP Augusto Rumina
|
Batting: RHB James Turner
|
0-0: Swinging Strike 0-1: Ball 1-1: Called Strike 1-2: Ball 2-2: Strikes out swinging
|
Batting: LHB Carlos Rodríguez
|
0-0: Called Strike 0-1: Swinging Strike 0-2: Ground out 4-3 (Groundball, 4M)
|
Batting: RHB Terry MacDonald
|
0-0: Called Strike 0-1: Ball 1-1: Foul Ball, location: 2F 1-2: Ground out 6-3 (Groundball, 6)
|
Top of the 9th over - 0 runs, 0 hits, 0 errors, 0 left on base; Phoenix Hotspur 4 - Lake Minnetonka 9 |
|